 Dungeon Crawl Stone Soup version 0.19-a0-1182-g094b998 (webtiles) character file.

230 saintsgambit the Shield-Bearer (level 6, -7/48 HPs)
             Began as a Formicid Fighter on Aug 17, 2016.
             Killed from afar by rjrrt's ghost (9 damage)
             ... with a sticky flame
             ... on level 4 of the Dungeon.
             The game lasted 00:08:36 (1878 turns).

saintsgambit the Shield-Bearer (Formicid Fighter)   Turns: 1878, Time: 00:08:36

Health: -7/48      AC:  8    Str: 26    XL:     6   Next: 24%
Magic:  6/6        EV:  9    Int:  8    God:
Gold:   135        SH: 10    Dex: 11    Spells: 0 memorised, 5 levels left

rFire  . . .     SeeInvis +     a - +0 war axe
rCold  . . .     Gourm    .     b - +0 scale mail
rNeg   . . .     Faith    .     c - +0 shield
rPois  .         Spirit   .     (helmet unavailable)
rElec  .         Dismiss  .     (no cloak)
rCorr  .         Reflect  .     k - +0 pair of gloves
MR     .....     Harm     .     (no boots)
Stlth  ..........               (no amulet)
                                (no ring)
                                (no ring)

@: mighty, liquid flames, glowing
A: permanent stasis, dig shafts and tunnels, four strong arms, antennae 3
a: Dig, Shaft Self


You were on level 4 of the Dungeon.
You were hungry.

You visited 1 branch of the dungeon, and saw 4 of its levels.

You collected 135 gold pieces.

Inventory:

Hand Weapons
 a - a +0 war axe (weapon)
 l - a +0 mace of crushing
 y - a +0 whip of freezing
 z - a +3 hunting sling of flaming
Missiles
 g - 9 poisoned needles
 A - 65 stones (quivered)
Armour
 b - a +0 scale mail (worn)
 c - a +0 shield (worn)
 k - a +0 pair of gloves (worn)
Wands
 o - a wand of paralysis (11/24)
Scrolls
 e - 4 scrolls of identify
 j - a scroll of blinking {unknown}
 p - a scroll of remove curse {unknown}
 r - a scroll of fog {unknown}
 s - a scroll of magic mapping {unknown}
 t - a scroll of fear {unknown}
 v - 2 scrolls of amnesia {unknown}
 B - a scroll of recharging {unknown}
Potions
 d - a potion of might
 h - 2 potions of mutation {unknown}
 i - a potion of flight {unknown}
 q - a potion of lignification {unknown}
 u - a potion of degeneration {unknown}
 x - a potion of magic {unknown}
Books
 w - a Fen Folio

   Spells                             Type                      Level
   a - Corpse Rot                     Necromancy                   2
   b - Stone Arrow                    Conjuration/Earth            3
   c - Leda's Liquefaction            Hexes/Earth                  4
   d - Summon Forest                  Summoning/Translocation      5
   e - Hydra Form                     Transmutation                6
   f - Summon Hydra                   Summoning                    7
Comestibles
 f - 3 bread rations
 m - 2 meat rations
 n - 2 beef jerkies


   Skills:
 + Level 4.0 Fighting
 + Level 3.1 Axes
 + Level 4.4 Armour
 + Level 2.0 Dodging
 + Level 5.0 Shields


You had 5 spell levels left.
You didn't know any spells.

Dungeon Overview and Level Annotations

Branches:
Dungeon (4/15)
 Temple: D:4-7

Altars:
Hepliaklqana
Sif Muna
Trog

Annotations:
D:4 rjrrt's ghost, amateur DEFE


Innate Abilities, Weirdness & Mutations

You are under a permanent stasis effect.
You can dig through walls and to a lower floor.
Your four strong arms can wield two-handed weapons with a shield.
You have a pair of large antennae on your head. (SInv)


Message History

Rjrrt's ghost barely misses you.
You hit rjrrt's ghost but do no damage.
Rjrrt's ghost is heavily damaged.
You are covered in liquid flames!
* * * LOW HITPOINT WARNING * * *
You block rjrrt's ghost's attack.
You closely miss rjrrt's ghost.
Rjrrt's ghost is heavily damaged.
You are covered in liquid flames!
* * * LOW HITPOINT WARNING * * *
You block rjrrt's ghost's attack. Rjrrt's ghost barely misses you.
You closely miss rjrrt's ghost.
Rjrrt's ghost is heavily damaged.
You block rjrrt's ghost's attack.
You closely miss rjrrt's ghost.
Rjrrt's ghost is heavily damaged.
Rjrrt's ghost sprays you with burning goo.
The sticky flame hits you!
You are covered in liquid flames!
You die...

..... #...# #...# #
#...# .. #...# ...
#...# ....
#######...######
.....#...............
......W@.............
.##..#...............
... #.#####....#.####
. ## #....#.#
#....#.# #....# #
#....#.# #......#
###.####


You could see rjrrt's ghost.

Vanquished Creatures
  An iguana (D:4)
  Ijyb (D:2)
  A worker ant (D:3)
  A gnoll (D:1)
  6 adders
  A worm (D:3)
  2 dart slugs
  2 giant geckos
  2 orcs (D:3)
  7 giant cockroaches
  8 goblins
  10 hobgoblins
  10 jackals
  9 kobolds
  A quokka (D:2)
  3 ball pythons
  7 bats
  6 giant newts
  3 rats
81 creatures vanquished.

Notes
Turn   | Place    | Note
-------+----------+-------------------------------------------
     0 | D:1      | saintsgambit the Formicid Fighter began the quest for the Orb.
     0 | D:1      | Reached XP level 1. HP: 18/18 MP: 1/1
    42 | D:1      | Reached XP level 2. HP: 15/24 MP: 2/2
   170 | D:1      | Reached XP level 3. HP: 3/29 MP: 3/3
   706 | D:2      | Noticed Ijyb
   718 | D:2      | Killed Ijyb
   718 | D:2      | Reached skill level 4 in Shields
   718 | D:2      | Reached XP level 4. HP: 36/36 MP: 4/4
   793 | D:2      | Reached skill level 1 in Dodging
   908 | D:2      | Reached XP level 5. HP: 31/42 MP: 5/5
  1202 | D:3      | Found a bloodstained altar of Trog.
  1654 | D:3      | Reached XP level 6. HP: 44/48 MP: 6/6
  1793 | D:4      | Found a deep blue altar of Sif Muna.
  1801 | D:4      | Found a hazy altar of Hepliaklqana.
  1862 | D:4      | Noticed rjrrt's ghost (amateur DEFE)
  1872 | D:4      | Reached skill level 5 in Shields
  1876 | D:4      | HP: 2/48 [burnt (2)]
  1878 | D:4      | Killed from afar by rjrrt's ghost

Vault maps used:
D:1:      sevenhm_arrival_forest_fort_large_4, minmay_unequal
D:2:      corexii_hall_statues_i, minivault_19, minmay_tromino_v2, uniq_iyjb
D:3:      lemuel_crystal_altar, first_bread
D:4:      minitemple, uniq_pikel

Skill      XL: |  1  2  3  4  5  6 |
---------------+-------------------+-----
Armour         | 4 |  4.4
Shields        | 4 5 |  5.0
Dodging        | 1 2 |  2.0
Axes           | 3 |  3.1
Fighting       | 4 |  4.0

Action                   |  1- 3 |  4- 6 || total
-------------------------+-------+-------++-------
Melee: War axe           |   133 |   171 ||   304
 Fire: Hunting sling     |       |     8 ||     8
  Use: Scroll            |       |     2 ||     2
       Potion            |       |     1 ||     1
  Eat: Chunk             |       |     3 ||     3
Armor: Scale mail        |    50 |    79 ||   129
Dodge: Dodged            |    60 |    70 ||   130
Block: Shield            |    87 |   110 ||   197
